healhack, neutral female human Healer ---- ----... --....... -- - |.......... --.. --. -- --..........----- ---- ............. |...............----..| .......... -- ---.... - ---.........----- ....... |....... |..<..........| -- ---..............- |-.....|.....-| ......................----.....---.....| --.................|[.....| ---..-- -.....................`---- --- --. -- --.......--- -- |.. -----..--%-...--------- ..--- - |.........................(................| |.... --------.--..G.......- ..--- | |.......u@............- |.....%.f.....-- | | ----------.|..| ----- healhack the Empiric Experience level: 3 Strength: 10 Dexterity: 9 Constitution: 14 Intelligence: 13 Wisdom: 17 Charisma: 17 Health: 0(26) Energy: 21(21) Def: 10 Gold: 1416 Moves: 3483 Dungeon seed: itRkDy_3f0GeeXYI Game ID: healhack_1441040208 Your Inventory: Coins $ - 1416 gold pieces Amulets G - an uncursed amulet versus poison (being worn) Weapons d - a blessed +0 bow named noncursed m - a blessed +1 orcish dagger (weapon in hand) o - 5 +0 darts p - a poisoned +0 dart u - 16 +1 darts x - 4 +0 orcish daggers (in quiver) C - a blessed +1 dagger H - a +3 dagger M - 14 cursed -2 darts O - a poisoned +2 dart P - a blessed +1 dart V - 9 +0 daggers W - a blessed +2 dagger X - 79 +0 arrows Armor c - an uncursed +0 dwarvish cloak (being worn) e - an uncursed +1 pair of leather gloves (being worn) i - an uncursed +0 pair of iron shoes (being worn) n - an uncursed +1 dwarvish cloak q - an uncursed +0 orcish helm (being worn) r - an uncursed +0 elven mithril-coat (being worn) J - an uncursed +0 dwarvish cloak K - an uncursed +0 pair of iron shoes Y - an uncursed +0 dwarvish cloak Comestibles l - 2 uncursed apples z - 2 uncursed tripe rations A - 3 uncursed food rations B - an uncursed fortune cookie Scrolls s - an uncursed scroll of light I - 2 uncursed scrolls of teleportation Potions f - an uncursed potion of invisibility v - a blessed potion of restore ability Wands h - a wand of sleep (0:6) F - a wand of undead turning (0:5) N - a wand of sleep (0:6) Tools a - a cursed wax candle (0:400) b - an uncursed stethoscope t - an uncursed tin whistle w - an uncursed wax candle (0:400) D - a tinning kit (0:81) E - an uncursed towel L - a cursed tallow candle (0:200) R - a +0 pick-axe T - an uncursed credit card Z - 10 uncursed tallow candles (0:200) Gems g - an uncursed worthless piece of green glass j - an uncursed worthless piece of orange glass k - an uncursed worthless piece of yellow glass y - an uncursed worthless piece of yellowish brown glass Q - an uncursed worthless piece of blue glass S - an uncursed worthless piece of red glass U - an uncursed amethyst stone Spells and supernatural/magical abilities: Name Level Category Fail Memory h - healing 1 healing 86% 83% x - extra healing 3 healing 92% 83% S - stone to flesh 3 healing 100% 83% W - pray for help -- divine ? -- Your skills at the end: Fighting Skills Weapon Skills dagger [Basic] knife [Basic] Spellcasting Skills healing spells [Basic] Final Attributes: You were piously aligned. You were poison resistant. You were lucky. You are dead. Vanquished creatures: a small mimic a bugbear a rock mole a pony 6 gnome lords 7 dwarves 2 homunculi a kobold lord 5 hill orcs 2 giant bats 2 werejackals 3 iguanas a hobbit a large kobold a hobgoblin 10 cave spiders a brown mold 2 yellow molds 2 green molds 2 red molds 23 gnomes a gnome zombie 3 geckos 8 jackals a fox 2 kobolds 4 goblins 3 sewer rats 5 grid bugs a bat 2 lichens a kobold zombie 5 newts 111 creatures vanquished. Voluntary challenges: You used a wielded weapon 53 times, starting on turn 28. You read items or engraved 187 times, starting on turn 459. You never genocided any monsters. You never polymorphed an object. You never changed form. You used no wishes. You never split a pudding. You wrote Elbereth's name 168 times, starting on turn 459. You violated your moral code, losing 3 points of alignment, starting on turn 2053. Dungeon overview: The Dungeons of Doom: levels 1 to 6 Level 1 a fountain a long staircase Level 2 an altar to Poseidon Level 3 an altar to Hermes, some fountains stairs to The Gnomish Mines Level 4 a fountain Level 5 a general store, a fountain Level 6 The Gnomish Mines: levels 4 to 6 Level 4 stairs to The Dungeons of Doom Level 5 Level 6 <- You were here History has recorded: On T:1 you entered the Dungeons of Doom to retrieve the Amulet of Yendor! On T:317 you reached level 2 of The Dungeons of Doom. On T:357 you reached level 3 of The Dungeons of Doom. On T:649 you reached level 4 of The Dungeons of Doom. On T:963 you reached level 5 of The Dungeons of Doom. On T:1012 you advanced to experience level 2. On T:1216 you reached level 6 of The Dungeons of Doom. On T:2221 you reached level 1 of The Gnomish Mines. On T:2346 you advanced to experience level 3. On T:2612 you reached level 2 of The Gnomish Mines. On T:3371 you reached level 3 of The Gnomish Mines. Score breakdown: Gold: 39 ( 5449 points) Experience: 3 levels ( 7878 points) Exploration: 6 levels ( 11.76%) ( 9486 points) Discoveries: 6 items ( 2.05%) ( 4300 points) Valuables value: (no points given unless you survive) Artifact value: 0 ( 0 points) Variety of kills: 33 monsters ( 8.66%) ( 8829 points) Turncount: 3483 turns ( -820 points) Survival: died (score multiplied by 80%) Total score: 28097 Latest messages: You don't have enough stamina to move. The warhorse picks up a candle. The warhorse hits the gnome king. The warhorse bites the gnome king. The gnome king hits! You die... Final status: Goodbye healhack the Healer, killed by a gnome king... You died in The Gnomish Mines on dungeon level 6 with 28097 points, and 1416 pieces of gold, after 3483 moves. You were level 3 with a maximum of 26 hit points when you died.